 Dungeon Crawl Stone Soup version 0.27.1-33-g824d729ab1 (webtiles) character file.

Game seed: 749123395233568607

2720 comborobin the Covert (level 9, -1/66 HPs)
             Began as an Octopode Delver on Dec 27, 2021.
             Was a Believer of Cheibriados.
             Slain by a killer bee (8 damage)
             ... on level 7 of the Dungeon.
             The game lasted 00:12:17 (9500 turns).

comborobin the Covert (Octopode Delver)             Turns: 9500, Time: 00:12:18

Health: -1/66      AC:  1    Str: 16    XL:     9   Next: 66%
Magic:  10/10      EV: 17    Int: 19    God:    Cheibriados [**....]
Gold:   286        SH:  0    Dex: 20    Spells: 8/8 levels left

rFire    + . .     SeeInvis .   a - +2 whip (elec)
rCold    + + .     Faith    .   (no shield)
rNeg     . . .     Spirit   .   (helmet restricted)
rPois    +         Reflect  .   (no amulet)
rElec    +         Harm     .   g - ring of protection from cold
rCorr    +         Rampage  .   s - ring of flight
Will     .....                  (no ring)
Stlth    ++++++....             (no ring)
HPRegen  0.21/turn              (no ring)
MPRegen  0.12/turn              (no ring)
                                (no ring)
                                (no ring)

@: resistant, flying, very slow
A: almost no armour, amphibious, 8 rings, camouflage 1, gelatinous body 1,
(nimble swimmer 1), tentacles
a: Renounce Religion, Bend Time


You were on level 7 of the Dungeon.
You worshipped Cheibriados.
Cheibriados was pleased with you.
You visited 2 branches of the dungeon, and saw 9 of its levels.
You also visited: Ossuary.

You collected 286 gold pieces.

Inventory:

Hand Weapons
 a - a +2 whip of electrocution (weapon)
 j - a +0 short sword
 A - a +2 scimitar of electrocution
Jewellery
 g - a ring of protection from cold (left tentacle)
 s - a ring of flight (right tentacle)
Wands
 f - a wand of digging (3)
 z - a wand of paralysis (7)
Scrolls
 b - 2 scrolls of fog
 d - 4 scrolls of fear
 e - 2 scrolls of identify
 n - a scroll of immolation
 o - a scroll of teleportation
 q - 3 scrolls of amnesia {unknown}
 r - 5 scrolls of enchant weapon {unknown}
 v - a scroll of magic mapping
 y - a scroll of enchant armour
Potions
 c - 2 potions of attraction
 h - 2 potions of resistance
 i - 2 potions of might {unknown}
 k - 2 potions of heal wounds {unknown}
 l - a potion of mutation {unknown}
 m - 2 potions of lignification {unknown}
 p - a potion of invisibility {unknown}
 u - a potion of degeneration {unknown}
 x - a potion of cancellation {unknown}


   Skills:
 + Level 8.3 Fighting
 - Level 5.7 Short Blades
 * Level 2.1 Maces & Flails
 + Level 5.8 Dodging
 - Level 10.3 Stealth
 - Level 1.8 Unarmed Combat
 + Level 2.1 Invocations


You had 8 spell levels left.
You didn't know any spells.
Your spell library contained the following spells:

 Spells                   Type           Power      Damage    Failure   Level
 Beastly Appendage        Tmut           0%         N/A       21%         1
 Sandblast                Erth           0%         2d4       21%         1
 Passwall                 Tmut/Erth      0%         N/A       30%         2
 Wereblood                Tmut           0%         N/A       30%         2
 Spider Form              Tmut/Pois      0%         N/A       52%         3
 Summon Guardian Golem    Hex/Summ       0%         N/A       52%         3
 Blade Hands              Tmut           0%         N/A       99%         5
 Lee's Rapid Deconstruct  Erth           0%         3d5*      99%         5
 Iron Shot                Conj/Erth      0%         9d1       100%        6
 Orb of Destruction       Conj           0%         N/A       100%        7
 Spellforged Servitor     Conj/Summ      0%         N/A       100%        7
 Animate Armour           Summ/Erth      Unusable   N/A       N/A         4

Dungeon Overview and Level Annotations

Branches:
Dungeon (8/15)             Temple (1/1) D:6         Ossuary (visited)
   Lair: D:8-11

Altars:
Cheibriados
Dithmenos
Elyvilon
Fedhas
Gozag
Hepliaklqana
Kikubaaqudgha
Makhleb
Nemelex Xobeh
Qazlal
Ru
Sif Muna
Uskayaw
Vehumet
Wu Jian
Yredelemnul
Zin
The Shining One

Annotations:
D:7 exclusion: door


Innate Abilities, Weirdness & Mutations

You cannot wear most types of armour.
You are amphibious.
You can wear up to eight rings at the same time.
Your skin changes colour to match your surroundings (Stealth+).
Your rubbery body absorbs attacks. (AC +1, EV +1)
((You are camouflaged near water. (Stealth+)))
You have tentacles for arms and can constrict up to eight enemies at once.


Message History

The killer bee misses you. x2
As you read the scroll of teleportation, it crumbles to dust.
You feel strangely unstable. The killer bee closely misses you. x2
The killer bee misses you. The killer bee closely misses you.
The killer bee barely misses you. The killer bee closely misses you.
The killer bee barely misses you. x2
Your surroundings seem slightly different.
The killer bee closely misses you. The killer bee barely misses you.
You barely miss the killer bee. Your grab misses the killer bee.
Your squeeze misses the killer bee. The killer bee barely misses you. x2
You hit the killer bee but do no damage.
Lightning courses through the killer bee!
You grab the killer bee.
You squeeze the killer bee, but do no damage.
The killer bee is almost dead.
You constrict the killer bee.
You kill the killer bee!
Cheibriados thoroughly appreciates the change of pace.
The killer bee misses you.
You barely miss the killer bee. Your grab misses the killer bee.
The killer bee stings you. x2
You barely miss the killer bee. Your grab misses the killer bee.
Your squeeze misses the killer bee. The killer bee closely misses you.
The killer bee completely misses you.
You miss the killer bee. Your grab misses the killer bee.
Your squeeze misses the killer bee. The killer bee misses you.
The killer bee closely misses you.
You barely miss the killer bee. Your grab misses the killer bee.
The killer bee misses you. The killer bee stings you.
* * * LOW HITPOINT WARNING * * *
You hit the killer bee. You grab the killer bee.
The killer bee is moderately wounded.
You constrict the killer bee. The killer bee stings you.
* * * LOW HITPOINT WARNING * * *
The killer bee stings you!
* * * LOW HITPOINT WARNING * * *
You closely miss the killer bee.
The killer bee is moderately wounded.
You constrict the killer bee. The killer bee stings you!
You die...

#.###......#
####.###.#.#..######
#..................#
####..........##.#.#
# #........#.##.#.#
####........#.##.#.#
..........>..y.....#
.###......#...##y###
.....##.#.#ยง####@#
####....#...# ###
#.##.###.#####
####'######.....#
.........##.#####
.........##.#
.........##.###
.........+....#
.........##.#.#


You could see a killer bee.

Vanquished Creatures
  Menkaure (Ossuary)
  Edmund (D:5)
  A sky beast (D:6)
  A hornet zombie (D:7)
  2 ice beasts
  2 ogres
  3 centaurs
  A phantom (D:6)
  A kobold brigand (D:7)
  A bullfrog (D:7)
  A wyvern zombie (D:6)
  A scorpion (D:4)
  A water moccasin zombie (D:6)
  2 water moccasin skeletons (D:5)
  2 killer bees (D:7)
  A howler monkey (D:7)
  3 bullfrog zombies
  2 jellies
  5 orc priests
  7 hounds
  A bullfrog skeleton (D:6)
  Jessica (D:2)
  4 iguanas
  6 orc wizards
  3 mummies (Ossuary)
  10 adders
  A gnoll (D:3)
  2 shadow imps
  A white imp (D:5)
  2 adder skeletons (D:4)
  A worm (D:3)
  A dart slug (D:4)
  18 orcs
  2 endoplasms
  A giant cockroach (D:2)
  3 goblins
  6 hobgoblins
  6 jackals
  3 quokkas
  5 ball pythons
  3 bats
  5 frilled lizards
  2 gnoll skeletons (Ossuary)
  5 gnoll zombies (Ossuary)
  6 goblin skeletons (Ossuary)
  4 goblin zombies (Ossuary)
  4 hobgoblin skeletons (Ossuary)
  2 hobgoblin zombies (Ossuary)
  11 kobolds
  2 kobold skeletons (Ossuary)
  6 kobold zombies (Ossuary)
  3 orc skeletons (Ossuary)
  An orc zombie (Ossuary)
  A rat (D:2)
  8 rat skeletons (Ossuary)
  7 rat zombies (Ossuary)
186 creatures vanquished.

Notes
Turn   | Place    | Note
-------+----------+-------------------------------------------
     0 | D:5      | comborobin the Octopode Delver began the quest for the Orb.
     0 | D:5      | Reached XP level 1. HP: 16/16 MP: 1/1
     6 | D:6      | Noticed a hound
     6 | D:6      | Noticed a hound
     7 | D:6      | Noticed an orc wizard
     7 | D:6      | Noticed an orc wizard
    22 | D:5      | Killed a hound
    23 | D:5      | Reached XP level 2. HP: 7/22 MP: 2/2
    23 | D:5      | Reached XP level 3. HP: 8/27 MP: 3/3
    74 | D:5      | Reached skill level 5 in Fighting
    74 | D:5      | Reached XP level 4. HP: 6/35 MP: 4/4
   716 | D:5      | Reached XP level 5. HP: 37/40 MP: 5/5
   859 | D:4      | Reached skill level 7 in Stealth
  1004 | D:4      | Reached XP level 6. HP: 20/46 MP: 6/6
  1150 | D:4      | Found a sand-covered staircase.
  1172 | Ossuary  | Entered an ossuary
  1632 | Ossuary  | Noticed Menkaure
  1745 | Ossuary  | Killed Menkaure
  1746 | Ossuary  | Reached XP level 7. HP: 36/52 MP: 7/7
  2524 | D:4      | Reached skill level 8 in Stealth
  2989 | D:5      | Noticed Edmund
  3004 | D:5      | Killed Edmund
  3317 | D:5      | Reached XP level 8. HP: 34/58 MP: 8/8
  4029 | D:5      | Reached skill level 9 in Stealth
  4775 | D:6      | Reached skill level 5 in Short Blades
  5239 | D:6      | Reached skill level 5 in Dodging
  5239 | D:6      | Reached XP level 9. HP: 65/65 MP: 9/9
  5251 | D:6      | Reached skill level 10 in Stealth
  5410 | D:6      | Found a staircase to the Ecumenical Temple.
  5477 | Temple   | Entered the Ecumenical Temple
  5630 | Temple   | Became a worshipper of Cheibriados the Contemplative
  6732 | D:2      | Found a faded altar of an unknown god.
  6811 | D:2      | Reached * piety under Cheibriados
  6819 | D:2      | Found a sparkling altar of Nemelex Xobeh.
  6928 | D:2      | Noticed Jessica
  6939 | D:2      | Killed Jessica
  8140 | D:7      | Reached skill level 1 in Unarmed Combat
  8145 | D:7      | Reached ** piety under Cheibriados
  8413 | D:7      | Reached skill level 1 in Invocations
  8702 | D:7      | Reached skill level 1 in Maces & Flails
  8972 | D:7      | Noticed a seven-headed hydra
  9500 | D:7      | Slain by a killer bee

Illustrated notes

Levels and vault maps discovered:
D:1:      amcnicky_arrival_feature_with_door, layout_loops_corners
D:2:      layout_loops_cross, basic_altar,
          shapermc_ecumenical_altar_starsandcircs, uniq_jessica
D:3:      layout_basic, serial_corexii_hall, chequers_hall_statues_wall_a,
          chequers_hall_statues_y
D:4:      layout_gridville, enter_ossuary_3
D:5:      layout_basic, uniq_edmund
D:6:      layout_basic, temple_pool_b
D:7:      kennysheep_six_static_rooms, layout_basic
D:8:      layout_cave_pools, old_standard_altar, small_statue_intersection,
          chequers_serial_rivers_marsh, glass_columns_c
Temple:   kilobyte_greek_temple

Skill      XL: |  1  2  3  4  5  6  7  8  9 |
---------------+----------------------------+-----
Fighting       | 4 5 6 7 8 |  8.3
Stealth        | 7 8 9 10 | 10.3
Short Blades   | 3 4 5 |  5.7
Dodging        | 3 5 |  5.8
Unarmed Combat | 1 |  1.8
Invocations    | 2 |  2.1
Maces & Flails | 2 |  2.1

Action                   |  1- 3 |  4- 6 |  7- 9 || total
-------------------------+-------+-------+-------++-------
Melee: Short sword       |    12 |    37 |   101 ||   150
       Constrict         |     3 |    54 |    65 ||   122
       Tentacles         |     3 |    48 |   115 ||   166
       Dagger            |       |   124 |   313 ||   437
       Whip              |       |       |    38 ||    38
       Punch             |       |       |     1 ||     1
Throw: Dart              |       |       |     3 ||     3
  Use: Scroll            |       |     2 |     6 ||     8
       Potion            |       |       |     7 ||     7
 Stab: Sleeping          |       |     6 |    34 ||    40
       Distracted        |       |       |     2 ||     2
Armor: Skin              |       |     5 |     9 ||    14
Dodge: Dodged            |     9 |    48 |   224 ||   281
